Workbook

Sheet Calculo ahorro
A2: Salario mensual | C2: Si es en 14 pagas colocalo aquí tu salario mensual para calcularlo:
A3: Ahorro mínimo recomendado: | B3: =B2*0.2 -> 0 | C3: tu salario mensual si tienes 14 pagas es: | D3: =D2*14/12 -> 0
A4: Ahorro anual: | B4: =B3*12 -> 0
A6: Rellena solo las casillas de este color

Sheet Mi cartera 
A2: Nombre | B2: ISIN | C2: Peso estratégico | D2: Capital | E2: Peso actual | F2: Capital estratégico | G2: Rebalanceo
D3: 0 | E3: =Tabla1[[#This Row],[Capital]]/D13 -> #DIV/0! | F3: =D13*Tabla1[[#This Row],[Peso estratégico]] -> 0 | G3: =Tabla1[[#This Row],[Capital estratégico]]-Tabla1[[#This Row],[Capital]] -> 0
D4: 0 | E4: =Tabla1[[#This Row],[Capital]]/D13 -> #DIV/0! | F4: =D13*Tabla1[[#This Row],[Peso estratégico]] -> 0 | G4: =Tabla1[[#This Row],[Capital estratégico]]-Tabla1[[#This Row],[Capital]] -> 0
D5: 0 | E5: =Tabla1[[#This Row],[Capital]]/D13 -> #DIV/0! | F5: =D13*Tabla1[[#This Row],[Peso estratégico]] -> 0 | G5: =Tabla1[[#This Row],[Capital estratégico]]-Tabla1[[#This Row],[Capital]] -> 0
D6: 0 | E6: =Tabla1[[#This Row],[Capital]]/D13 -> #DIV/0! | F6: =D13*Tabla1[[#This Row],[Peso estratégico]] -> 0 | G6: =Tabla1[[#This Row],[Capital estratégico]]-Tabla1[[#This Row],[Capital]] -> 0
E7: =Tabla1[[#This Row],[Capital]]/D13 -> #DIV/0! | F7: =D13*Tabla1[[#This Row],[Peso estratégico]] -> 0 | G7: =Tabla1[[#This Row],[Capital estratégico]]-Tabla1[[#This Row],[Capital]] -> 0
E8: =Tabla1[[#This Row],[Capital]]/D13 -> #DIV/0! | F8: =D13*Tabla1[[#This Row],[Peso estratégico]] -> 0 | G8: =Tabla1[[#This Row],[Capital estratégico]]-Tabla1[[#This Row],[Capital]] -> 0
D9: 0 | E9: =Tabla1[[#This Row],[Capital]]/D13 -> #DIV/0! | F9: =D13*Tabla1[[#This Row],[Peso estratégico]] -> 0 | G9: =Tabla1[[#This Row],[Capital estratégico]]-Tabla1[[#This Row],[Capital]] -> 0
E10: =Tabla1[[#This Row],[Capital]]/D13 -> #DIV/0! | F10: =D13*Tabla1[[#This Row],[Peso estratégico]] -> 0 | G10: =Tabla1[[#This Row],[Capital estratégico]]-Tabla1[[#This Row],[Capital]] -> 0
E11: =Tabla1[[#This Row],[Capital]]/D13 -> #DIV/0! | F11: =D13*Tabla1[[#This Row],[Peso estratégico]] -> 0 | G11: =Tabla1[[#This Row],[Capital estratégico]]-Tabla1[[#This Row],[Capital]] -> 0
E12: =Tabla1[[#This Row],[Capital]]/D13 -> #DIV/0! | F12: =D13*Tabla1[[#This Row],[Peso estratégico]] -> 0 | G12: =Tabla1[[#This Row],[Capital estratégico]]-Tabla1[[#This Row],[Capital]] -> 0
A13: TOTAL | C13: =SUBTOTAL(109,C3:C12) -> 0 | D13: =SUBTOTAL(109,D3:D12) -> 0 | E13: =SUBTOTAL(109,E3:E12) -> #DIV/0! | F13: =C23*Tabla1[[#This Row],[Peso estratégico]] -> 0 | G13: =Tabla1[[#This Row],[Capital estratégico]]-Tabla1[[#This Row],[Capital]] -> 0
A15: Este código de colores te servirá para saber usar la tabla | B15: En la sección de la web CARTERAS tendrás modelos de carteras con su explicación, y la de cada fondo, para poder hacerte una a medida
A16: Copia y pega los fondos que eligas de la sección carteras en mi web | B16: Calculadora de ponderaciones
A17: Aquí escribe el dinero que tienes invertido en cada fondo | B17: Capital total | C17: % elegido | D17: Capital resultante
A18: elige el porcentage que va a ocupar el fondo en tu cartera | D18: =B18*C18 -> 0

Sheet Seguimiento anual
A1: Año | B1: Mes | C1: Aportaciones (mes) | D1: Ap. Acumuladas | E1: Total cartera | F1: Beneficios (mes) | G1: Rentabilidad (mes) | H1: Beneficios acumulados | I1: R. anual | J1: R. Media | K1: R. Total | L1: MSCI World | M1: Rent. World
A2: 2026 | B2: Enero | D2: =C2 -> 0 | F2: =H2 -> 0 | G2: =(E2-D2)/D2 -> #DIV/0! | H2: =E2-D2 -> 0
B3: Febrero | D3: =D2+C3 -> 0 | F3: =E3-E2-C3 -> 0 | G3: =(E3-D3)/D3 -> #DIV/0! | H3: =E3-D3 -> 0
B4: Marzo | D4: =D3+C4 -> 0 | F4: =E4-E3-C4 -> 0 | G4: =(E4-D4)/D4 -> #DIV/0! | H4: =E4-D4 -> 0
B5: Abril | D5: =D4+C5 -> 0 | F5: =E5-E4-C5 -> 0 | G5: =(E5-D5)/D5 -> #DIV/0! | H5: =E5-D5 -> 0 | O5: Solo rellenar las casillas de este color
B6: Mayo | D6: =D5+C6 -> 0 | F6: =E6-E5-C6 -> 0 | G6: =(E6-D6)/D6 -> #DIV/0! | H6: =E6-D6 -> 0
B7: Junio | D7: =D6+C7 -> 0 | F7: =E7-E6-C7 -> 0 | G7: =(E7-D7)/D7 -> #DIV/0! | H7: =E7-D7 -> 0
B8: Julio | D8: =D7+C8 -> 0 | F8: =E8-E7-C8 -> 0 | G8: =(E8-D8)/D8 -> #DIV/0! | H8: =E8-D8 -> 0
B9: Agosto | D9: =D8+C9 -> 0 | F9: =E9-E8-C9 -> 0 | G9: =(E9-D9)/D9 -> #DIV/0! | H9: =E9-D9 -> 0
B10: Septiembre | D10: =D9+C10 -> 0 | F10: =E10-E9-C10 -> 0 | G10: =(E10-D10)/D10 -> #DIV/0! | H10: =E10-D10 -> 0
B11: Octubre | D11: =D10+C11 -> 0 | F11: =E11-E10-C11 -> 0 | G11: =(E11-D11)/D11 -> #DIV/0! | H11: =E11-D11 -> 0
B12: Noviembre | D12: =D11+C12 -> 0 | F12: =E12-E11-C12 -> 0 | G12: =(E12-D12)/D12 -> #DIV/0! | H12: =E12-D12 -> 0
B13: Diciembre | D13: =D12+C13 -> 0 | F13: =E13-E12-C13 -> 0 | G13: =(E13-D13)/D13 -> #DIV/0! | H13: =E13-D13 -> 0 | I13: =G13 -> #DIV/0! | J13: =H13/D13 -> #DIV/0! | K13: =H13/D13 -> #DIV/0! | M13: =(L13-L2)/L2 -> #DIV/0!
A14: 2027 | B14: Enero | D14: =D13+C14 -> 0 | F14: =E14-E13-C14 -> 0 | G14: =(E14-D14)/D14 -> #DIV/0! | H14: =E14-D14 -> 0
B15: Febrero | D15: =D14+C15 -> 0 | F15: =E15-E14-C15 -> 0 | G15: =(E15-D15)/D15 -> #DIV/0! | H15: =E15-D15 -> 0
B16: Marzo | D16: =D15+C16 -> 0 | F16: =E16-E15-C16 -> 0 | G16: =(E16-D16)/D16 -> #DIV/0! | H16: =E16-D16 -> 0
B17: Abril | D17: =D16+C17 -> 0 | F17: =E17-E16-C17 -> 0 | G17: =(E17-D17)/D17 -> #DIV/0! | H17: =E17-D17 -> 0
B18: Mayo | D18: =D17+C18 -> 0 | F18: =E18-E17-C18 -> 0 | G18: =(E18-D18)/D18 -> #DIV/0! | H18: =E18-D18 -> 0
B19: Junio | D19: =D18+C19 -> 0 | F19: =E19-E18-C19 -> 0 | G19: =(E19-D19)/D19 -> #DIV/0! | H19: =E19-D19 -> 0
B20: Julio | D20: =D19+C20 -> 0 | F20: =E20-E19-C20 -> 0 | G20: =(E20-D20)/D20 -> #DIV/0! | H20: =E20-D20 -> 0
B21: Agosto | D21: =D20+C21 -> 0 | F21: =E21-E20-C21 -> 0 | G21: =(E21-D21)/D21 -> #DIV/0! | H21: =E21-D21 -> 0
B22: Septiembre | D22: =D21+C22 -> 0 | F22: =E22-E21-C22 -> 0 | G22: =(E22-D22)/D22 -> #DIV/0! | H22: =E22-D22 -> 0
B23: Octubre | D23: =D22+C23 -> 0 | F23: =E23-E22-C23 -> 0 | G23: =(E23-D23)/D23 -> #DIV/0! | H23: =E23-D23 -> 0
B24: Noviembre | D24: =D23+C24 -> 0 | F24: =E24-E23-C24 -> 0 | G24: =(E24-D24)/D24 -> #DIV/0! | H24: =E24-D24 -> 0
B25: Diciembre | D25: =D24+C25 -> 0 | F25: =E25-E24-C25 -> 0 | G25: =(E25-D25)/D25 -> #DIV/0! | H25: =E25-D25 -> 0 | I25: =G25 -> #DIV/0! | J25: =H25/D25/2 -> #DIV/0! | K25: =H25/D25 -> #DIV/0! | M25: =(L25-L13)/L13 -> #DIV/0!
A26: 2028 | B26: Enero | D26: =D25+C26 -> 0 | F26: =E26-E25-C26 -> 0 | G26: =(E26-D26)/D26 -> #DIV/0! | H26: =E26-D26 -> 0
B27: Febrero | D27: =D26+C27 -> 0 | F27: =E27-E26-C27 -> 0 | G27: =(E27-D27)/D27 -> #DIV/0! | H27: =E27-D27 -> 0
B28: Marzo | D28: =C28 -> 0 | F28: =H28 -> 0 | G28: =(E28-D28)/D28 -> #DIV/0! | H28: =E28-D28 -> 0
B29: Abril | D29: =D28+C29 -> 0 | F29: =E29-E28-C29 -> 0 | G29: =(E29-D29)/D29 -> #DIV/0! | H29: =E29-D29 -> 0
B30: Mayo | D30: =D29+C30 -> 0 | F30: =E30-E29-C30 -> 0 | G30: =(E30-D30)/D30 -> #DIV/0! | H30: =E30-D30 -> 0
B31: Junio | D31: =D30+C31 -> 0 | F31: =E31-E30-C31 -> 0 | G31: =(E31-D31)/D31 -> #DIV/0! | H31: =E31-D31 -> 0
B32: Julio | D32: =D31+C32 -> 0 | F32: =E32-E31-C32 -> 0 | G32: =(E32-D32)/D32 -> #DIV/0! | H32: =E32-D32 -> 0
B33: Agosto | D33: =D32+C33 -> 0 | F33: =E33-E32-C33 -> 0 | G33: =(E33-D33)/D33 -> #DIV/0! | H33: =E33-D33 -> 0
B34: Septiembre | D34: =D33+C34 -> 0 | F34: =E34-E33-C34 -> 0 | G34: =(E34-D34)/D34 -> #DIV/0! | H34: =E34-D34 -> 0
B35: Octubre | D35: =D34+C35 -> 0 | F35: =E35-E34-C35 -> 0 | G35: =(E35-D35)/D35 -> #DIV/0! | H35: =E35-D35 -> 0
B36: Noviembre | D36: =D35+C36 -> 0 | F36: =E36-E35-C36 -> 0 | G36: =(E36-D36)/D36 -> #DIV/0! | H36: =E36-D36 -> 0
B37: Diciembre | D37: =D36+C37 -> 0 | F37: =E37-E36-C37 -> 0 | G37: =(E37-D37)/D37 -> #DIV/0! | H37: =E37-D37 -> 0 | I37: =G37 -> #DIV/0! | J37: =H37/D37/3 -> #DIV/0! | K37: =H37/D37 -> #DIV/0! | M37: =(L37-L25)/L25 -> #DIV/0!
A38: 2029 | B38: Enero | D38: =D37+C38 -> 0 | F38: =E38-E37-C38 -> 0 | G38: =(E38-D38)/D38 -> #DIV/0! | H38: =E38-D38 -> 0
B39: Febrero | D39: =D38+C39 -> 0 | F39: =E39-E38-C39 -> 0 | G39: =(E39-D39)/D39 -> #DIV/0! | H39: =E39-D39 -> 0
B40: Marzo | D40: =D39+C40 -> 0 | F40: =E40-E39-C40 -> 0 | G40: =(E40-D40)/D40 -> #DIV/0! | H40: =E40-D40 -> 0
B41: Abril | D41: =D40+C41 -> 0 | F41: =E41-E40-C41 -> 0 | G41: =(E41-D41)/D41 -> #DIV/0! | H41: =E41-D41 -> 0
B42: Mayo | D42: =D41+C42 -> 0 | F42: =E42-E41-C42 -> 0 | G42: =(E42-D42)/D42 -> #DIV/0! | H42: =E42-D42 -> 0
B43: Junio | D43: =D42+C43 -> 0 | F43: =E43-E42-C43 -> 0 | G43: =(E43-D43)/D43 -> #DIV/0! | H43: =E43-D43 -> 0
B44: Julio | D44: =D43+C44 -> 0 | F44: =E44-E43-C44 -> 0 | G44: =(E44-D44)/D44 -> #DIV/0! | H44: =E44-D44 -> 0
B45: Agosto | D45: =D44+C45 -> 0 | F45: =E45-E44-C45 -> 0 | G45: =(E45-D45)/D45 -> #DIV/0! | H45: =E45-D45 -> 0
B46: Septiembre | D46: =D45+C46 -> 0 | F46: =E46-E45-C46 -> 0 | G46: =(E46-D46)/D46 -> #DIV/0! | H46: =E46-D46 -> 0
B47: Octubre | D47: =D46+C47 -> 0 | F47: =E47-E46-C47 -> 0 | G47: =(E47-D47)/D47 -> #DIV/0! | H47: =E47-D47 -> 0
B48: Noviembre | D48: =D47+C48 -> 0 | F48: =E48-E47-C48 -> 0 | G48: =(E48-D48)/D48 -> #DIV/0! | H48: =E48-D48 -> 0
B49: Diciembre | D49: =D48+C49 -> 0 | F49: =E49-E48-C49 -> 0 | G49: =(E49-D49)/D49 -> #DIV/0! | H49: =E49-D49 -> 0 | I49: =G49 -> #DIV/0! | J49: =H49/D49/4 -> #DIV/0! | K49: =H49/D49 -> #DIV/0! | M49: =(L49-L37)/L37 -> #DIV/0!
A50: 2030 | B50: Enero | D50: =D49+C50 -> 0 | F50: =E50-E49-C50 -> 0 | G50: =(E50-D50)/D50 -> #DIV/0! | H50: =E50-D50 -> 0
B51: Febrero | D51: =D50+C51 -> 0 | F51: =E51-E50-C51 -> 0 | G51: =(E51-D51)/D51 -> #DIV/0! | H51: =E51-D51 -> 0
B52: Marzo | D52: =D51+C52 -> 0 | F52: =E52-E51-C52 -> 0 | G52: =(E52-D52)/D52 -> #DIV/0! | H52: =E52-D52 -> 0
B53: Abril | D53: =D52+C53 -> 0 | F53: =E53-E52-C53 -> 0 | G53: =(E53-D53)/D53 -> #DIV/0! | H53: =E53-D53 -> 0
B54: Mayo | D54: =C54 -> 0 | F54: =H54 -> 0 | G54: =(E54-D54)/D54 -> #DIV/0! | H54: =E54-D54 -> 0
B55: Junio | D55: =D54+C55 -> 0 | F55: =E55-E54-C55 -> 0 | G55: =(E55-D55)/D55 -> #DIV/0! | H55: =E55-D55 -> 0
B56: Julio | D56: =D55+C56 -> 0 | F56: =E56-E55-C56 -> 0 | G56: =(E56-D56)/D56 -> #DIV/0! | H56: =E56-D56 -> 0
B57: Agosto | D57: =D56+C57 -> 0 | F57: =E57-E56-C57 -> 0 | G57: =(E57-D57)/D57 -> #DIV/0! | H57: =E57-D57 -> 0
B58: Septiembre | D58: =D57+C58 -> 0 | F58: =E58-E57-C58 -> 0 | G58: =(E58-D58)/D58 -> #DIV/0! | H58: =E58-D58 -> 0
B59: Octubre | D59: =D58+C59 -> 0 | F59: =E59-E58-C59 -> 0 | G59: =(E59-D59)/D59 -> #DIV/0! | H59: =E59-D59 -> 0
B60: Noviembre | D60: =D59+C60 -> 0 | F60: =E60-E59-C60 -> 0 | G60: =(E60-D60)/D60 -> #DIV/0! | H60: =E60-D60 -> 0
B61: Diciembre | D61: =D60+C61 -> 0 | F61: =E61-E60-C61 -> 0 | G61: =(E61-D61)/D61 -> #DIV/0! | H61: =E61-D61 -> 0 | I61: =G61 -> #DIV/0! | J61: =H61/D61/5 -> #DIV/0! | K61: =H61/D61 -> #DIV/0! | M61: =(L61-L49)/L49 -> #DIV/0!
A62: 2031 | B62: Enero | D62: =D61+C62 -> 0 | F62: =E62-E61-C62 -> 0 | G62: =(E62-D62)/D62 -> #DIV/0! | H62: =E62-D62 -> 0
B63: Febrero | D63: =D62+C63 -> 0 | F63: =E63-E62-C63 -> 0 | G63: =(E63-D63)/D63 -> #DIV/0! | H63: =E63-D63 -> 0
B64: Marzo | D64: =D63+C64 -> 0 | F64: =E64-E63-C64 -> 0 | G64: =(E64-D64)/D64 -> #DIV/0! | H64: =E64-D64 -> 0
B65: Abril | D65: =D64+C65 -> 0 | F65: =E65-E64-C65 -> 0 | G65: =(E65-D65)/D65 -> #DIV/0! | H65: =E65-D65 -> 0
B66: Mayo | D66: =D65+C66 -> 0 | F66: =E66-E65-C66 -> 0 | G66: =(E66-D66)/D66 -> #DIV/0! | H66: =E66-D66 -> 0
B67: Junio | D67: =D66+C67 -> 0 | F67: =E67-E66-C67 -> 0 | G67: =(E67-D67)/D67 -> #DIV/0! | H67: =E67-D67 -> 0
B68: Julio | D68: =D67+C68 -> 0 | F68: =E68-E67-C68 -> 0 | G68: =(E68-D68)/D68 -> #DIV/0! | H68: =E68-D68 -> 0
B69: Agosto | D69: =D68+C69 -> 0 | F69: =E69-E68-C69 -> 0 | G69: =(E69-D69)/D69 -> #DIV/0! | H69: =E69-D69 -> 0
B70: Septiembre | D70: =D69+C70 -> 0 | F70: =E70-E69-C70 -> 0 | G70: =(E70-D70)/D70 -> #DIV/0! | H70: =E70-D70 -> 0
B71: Octubre | D71: =D70+C71 -> 0 | F71: =E71-E70-C71 -> 0 | G71: =(E71-D71)/D71 -> #DIV/0! | H71: =E71-D71 -> 0
B72: Noviembre | D72: =D71+C72 -> 0 | F72: =E72-E71-C72 -> 0 | G72: =(E72-D72)/D72 -> #DIV/0! | H72: =E72-D72 -> 0
B73: Diciembre | D73: =D72+C73 -> 0 | F73: =E73-E72-C73 -> 0 | G73: =(E73-D73)/D73 -> #DIV/0! | H73: =E73-D73 -> 0 | I73: =G73 -> #DIV/0! | J73: =H73/D73/6 -> #DIV/0! | K73: =H73/D73 -> #DIV/0! | M73: =(L73-L61)/L61 -> #DIV/0!
A74: 2032 | B74: Enero | D74: =D73+C74 -> 0 | F74: =E74-E73-C74 -> 0 | G74: =(E74-D74)/D74 -> #DIV/0! | H74: =E74-D74 -> 0
B75: Febrero | D75: =D74+C75 -> 0 | F75: =E75-E74-C75 -> 0 | G75: =(E75-D75)/D75 -> #DIV/0! | H75: =E75-D75 -> 0
B76: Marzo | D76: =D75+C76 -> 0 | F76: =E76-E75-C76 -> 0 | G76: =(E76-D76)/D76 -> #DIV/0! | H76: =E76-D76 -> 0
B77: Abril | D77: =D76+C77 -> 0 | F77: =E77-E76-C77 -> 0 | G77: =(E77-D77)/D77 -> #DIV/0! | H77: =E77-D77 -> 0
B78: Mayo | D78: =D77+C78 -> 0 | F78: =E78-E77-C78 -> 0 | G78: =(E78-D78)/D78 -> #DIV/0! | H78: =E78-D78 -> 0
B79: Junio | D79: =D78+C79 -> 0 | F79: =E79-E78-C79 -> 0 | G79: =(E79-D79)/D79 -> #DIV/0! | H79: =E79-D79 -> 0
B80: Julio | D80: =C80 -> 0 | F80: =H80 -> 0 | G80: =(E80-D80)/D80 -> #DIV/0! | H80: =E80-D80 -> 0
B81: Agosto | D81: =D80+C81 -> 0 | F81: =E81-E80-C81 -> 0 | G81: =(E81-D81)/D81 -> #DIV/0! | H81: =E81-D81 -> 0
B82: Septiembre | D82: =D81+C82 -> 0 | F82: =E82-E81-C82 -> 0 | G82: =(E82-D82)/D82 -> #DIV/0! | H82: =E82-D82 -> 0
B83: Octubre | D83: =D82+C83 -> 0 | F83: =E83-E82-C83 -> 0 | G83: =(E83-D83)/D83 -> #DIV/0! | H83: =E83-D83 -> 0
B84: Noviembre | D84: =D83+C84 -> 0 | F84: =E84-E83-C84 -> 0 | G84: =(E84-D84)/D84 -> #DIV/0! | H84: =E84-D84 -> 0
A85: 2033 | B85: Diciembre | D85: =D84+C85 -> 0 | F85: =E85-E84-C85 -> 0 | G85: =(E85-D85)/D85 -> #DIV/0! | H85: =E85-D85 -> 0 | I85: =G85 -> #DIV/0! | J85: =H85/D85/7 -> #DIV/0! | K85: =H85/D85 -> #DIV/0! | M85: =(L85-L73)/L73 -> #DIV/0!
B86: Enero | D86: =D85+C86 -> 0 | F86: =E86-E85-C86 -> 0 | G86: =(E86-D86)/D86 -> #DIV/0! | H86: =E86-D86 -> 0
B87: Febrero | D87: =D86+C87 -> 0 | F87: =E87-E86-C87 -> 0 | G87: =(E87-D87)/D87 -> #DIV/0! | H87: =E87-D87 -> 0
B88: Marzo | D88: =D87+C88 -> 0 | F88: =E88-E87-C88 -> 0 | G88: =(E88-D88)/D88 -> #DIV/0! | H88: =E88-D88 -> 0
B89: Abril | D89: =D88+C89 -> 0 | F89: =E89-E88-C89 -> 0 | G89: =(E89-D89)/D89 -> #DIV/0! | H89: =E89-D89 -> 0
B90: Mayo | D90: =D89+C90 -> 0 | F90: =E90-E89-C90 -> 0 | G90: =(E90-D90)/D90 -> #DIV/0! | H90: =E90-D90 -> 0
B91: Junio | D91: =D90+C91 -> 0 | F91: =E91-E90-C91 -> 0 | G91: =(E91-D91)/D91 -> #DIV/0! | H91: =E91-D91 -> 0
B92: Julio | D92: =D91+C92 -> 0 | F92: =E92-E91-C92 -> 0 | G92: =(E92-D92)/D92 -> #DIV/0! | H92: =E92-D92 -> 0
B93: Agosto | D93: =D92+C93 -> 0 | F93: =E93-E92-C93 -> 0 | G93: =(E93-D93)/D93 -> #DIV/0! | H93: =E93-D93 -> 0
B94: Septiembre | D94: =D93+C94 -> 0 | F94: =E94-E93-C94 -> 0 | G94: =(E94-D94)/D94 -> #DIV/0! | H94: =E94-D94 -> 0
B95: Octubre | D95: =D94+C95 -> 0 | F95: =E95-E94-C95 -> 0 | G95: =(E95-D95)/D95 -> #DIV/0! | H95: =E95-D95 -> 0
B96: Noviembre | D96: =D95+C96 -> 0 | F96: =E96-E95-C96 -> 0 | G96: =(E96-D96)/D96 -> #DIV/0! | H96: =E96-D96 -> 0
B97: Diciembre | D97: =D96+C97 -> 0 | F97: =E97-E96-C97 -> 0 | G97: =(E97-D97)/D97 -> #DIV/0! | H97: =E97-D97 -> 0 | I97: =G97 -> #DIV/0! | J97: =H97/D97/8 -> #DIV/0! | K97: =H97/D97 -> #DIV/0! | M97: =(L97-L85)/L85 -> #DIV/0!
A98: 2034 | B98: Enero | D98: =D97+C98 -> 0 | F98: =E98-E97-C98 -> 0 | G98: =(E98-D98)/D98 -> #DIV/0! | H98: =E98-D98 -> 0
B99: Febrero | D99: =D98+C99 -> 0 | F99: =E99-E98-C99 -> 0 | G99: =(E99-D99)/D99 -> #DIV/0! | H99: =E99-D99 -> 0
B100: Marzo | D100: =D99+C100 -> 0 | F100: =E100-E99-C100 -> 0 | G100: =(E100-D100)/D100 -> #DIV/0! | H100: =E100-D100 -> 0
...

Sheet Mi cartera VS World
A1: Año | B1: Mi cartera | C1: MSCI World
A2: 2026 | B2: ='Seguimiento anual'!I13 -> #DIV/0! | C2: ='Seguimiento anual'!M13 -> #DIV/0!
A3: 2027 | B3: ='Seguimiento anual'!I25 -> #DIV/0! | C3: ='Seguimiento anual'!M25 -> #DIV/0!
A4: 2028 | B4: ='Seguimiento anual'!I37 -> #DIV/0! | C4: ='Seguimiento anual'!M37 -> #DIV/0!
A5: 2029 | B5: ='Seguimiento anual'!I49 -> #DIV/0! | C5: ='Seguimiento anual'!M49 -> #DIV/0!
A6: 2030 | B6: ='Seguimiento anual'!I61 -> #DIV/0! | C6: ='Seguimiento anual'!M61 -> #DIV/0!
A7: 2031 | B7: ='Seguimiento anual'!I73 -> #DIV/0! | C7: ='Seguimiento anual'!M73 -> #DIV/0!
A8: 2032 | B8: ='Seguimiento anual'!I85 -> #DIV/0! | C8: ='Seguimiento anual'!M85 -> #DIV/0!
A9: 2033 | B9: ='Seguimiento anual'!I97 -> #DIV/0! | C9: ='Seguimiento anual'!M97 -> #DIV/0!
A10: 2034 | B10: ='Seguimiento anual'!I109 -> #DIV/0! | C10: ='Seguimiento anual'!M109 -> #DIV/0!
A11: 2035 | B11: ='Seguimiento anual'!I121 -> #DIV/0! | C11: ='Seguimiento anual'!M121 -> #DIV/0!
A12: 2036 | B12: ='Seguimiento anual'!I133 -> #DIV/0! | C12: ='Seguimiento anual'!M133 -> #DIV/0!
A13: 2037 | B13: ='Seguimiento anual'!I145 -> #DIV/0! | C13: ='Seguimiento anual'!M145 -> #DIV/0!
A14: 2038 | B14: ='Seguimiento anual'!I157 -> #DIV/0! | C14: ='Seguimiento anual'!M157 -> #DIV/0!
A15: 2039 | B15: ='Seguimiento anual'!I169 -> #DIV/0! | C15: ='Seguimiento anual'!M169 -> #DIV/0!
A16: 2040 | B16: ='Seguimiento anual'!I181 -> #DIV/0! | C16: ='Seguimiento anual'!M181 -> #DIV/0!
A17: 2041 | B17: ='Seguimiento anual'!I193 -> #DIV/0! | C17: ='Seguimiento anual'!M193 -> #DIV/0!
A18: 2042 | B18: ='Seguimiento anual'!I205 -> #DIV/0! | C18: ='Seguimiento anual'!M205 -> #DIV/0!
A19: 2043 | B19: ='Seguimiento anual'!I217 -> #DIV/0! | C19: ='Seguimiento anual'!M217 -> #DIV/0!
A20: 2044 | B20: ='Seguimiento anual'!I229 -> #DIV/0! | C20: ='Seguimiento anual'!M229 -> #DIV/0!
A21: 2045 | B21: ='Seguimiento anual'!I241 -> #DIV/0! | C21: ='Seguimiento anual'!M241 -> #DIV/0!
A22: 2046 | B22: ='Seguimiento anual'!I253 -> #DIV/0! | C22: ='Seguimiento anual'!M253 -> #DIV/0!
A23: 2047 | B23: ='Seguimiento anual'!I265 -> #DIV/0! | C23: ='Seguimiento anual'!M265 -> #DIV/0!
A24: 2048 | B24: ='Seguimiento anual'!I277 -> #DIV/0! | C24: ='Seguimiento anual'!M277 -> #DIV/0!
A25: 2049 | B25: ='Seguimiento anual'!I289 -> #DIV/0! | C25: ='Seguimiento anual'!M289 -> #DIV/0!
A26: 2050 | B26: ='Seguimiento anual'!I301 -> #DIV/0! | C26: ='Seguimiento anual'!M301 -> #DIV/0!
A27: 2051 | B27: ='Seguimiento anual'!I313 -> #DIV/0! | C27: ='Seguimiento anual'!M313 -> #DIV/0!
A28: 2052 | B28: ='Seguimiento anual'!I325 -> #DIV/0! | C28: ='Seguimiento anual'!M325 -> #DIV/0!
A29: 2053 | B29: ='Seguimiento anual'!I337 -> #DIV/0! | C29: ='Seguimiento anual'!M337 -> #DIV/0!
A30: 2054 | B30: ='Seguimiento anual'!I349 -> #DIV/0! | C30: ='Seguimiento anual'!M349 -> #DIV/0!
A31: 2055 | B31: ='Seguimiento anual'!I361 -> #DIV/0! | C31: ='Seguimiento anual'!M361 -> #DIV/0!
